3149 views
Uploaded 2020-06-29 05:15:46
Game version 1.32.6 / 1.32.7
14:04 long 2on2 custom game on (6)GnollWood
Game name "W3Champions-s1-20-23259"
Saved by sockpuppet
3149 views
Uploaded 2020-06-29 05:15:46
Game version 1.32.6 / 1.32.7
14:04 long 2on2 custom game on (6)GnollWood
Game name "W3Champions-s1-20-23259"


77 units @ 7.6k
/ 0.9k
25 buildings @ 4.5k
/ 1.8k


| Moonstone | 1 | 50 |
| Potion of Healing | 3 | 450 |
| Orb of Venom | 2 | 650 |
| Staff of Preservation | 1 | 150 |
| Boots of Speed | 1 | 250 |
| total: | 8 | 1550g |
| Wisp | 19 | 1140 | / | 0 |
| Archer | 4 | 520 | / | 40 |
| Druid of the Talon | 8 | 1160 | / | 160 |
| total: | 31 | 2820g | / | 200w |
| Altar of Elders | 1 | 180 | / | 50 |
| Moon Well | 5 | 900 | / | 200 |
| Ancient of War | 1 | 150 | / | 60 |
| Ancient of Wonders | 1 | 90 | / | 30 |
| Ancient of Wind | 2 | 300 | / | 280 |
| Tree of Ages | 1 | 320 | / | 180 |
| Tree of Eternity | 1 | 330 | / | 200 |
| total: | 10 | 1620g | / | 620w |
| 0:02 | Wisp |
| 0:02 | Wisp |
| 0:02 | Altar of Elders |
| 0:03 | Wisp |
| 0:16 | Moon Well |
| 0:20 | Wisp |
| 1:30 | Ancient of War |
| 1:31 | Wisp |
| 1:42 | Wisp |
| 1:58 | Wisp |
| 2:11 | Moon Well |
| 2:17 | Wisp |
| 2:32 | Archer |
| 2:35 | Archer |
| 2:42 | Wisp |
| 2:42 | Wisp |
| 2:56 | Mana Burn |
| 3:13 | Wisp |
| 3:31 | Tree of Ages |
| 4:04 | Moon Well |
| 4:06 | Moon Well |
| 4:20 | Archer |
| 4:37 | Archer |
| 4:51 | Boots of Speed |
| 5:27 | Ancient of Wonders |
| 5:39 | Evasion |
| 5:59 | Tree of Eternity |
| 6:00 | Ancient of Wind |
| 6:19 | Ancient of Wind |
| 7:06 | Druid of the Talon |
| 8:05 | Breath of Fire |
| 8:21 | Moon Well |
| 8:22 | Wisp |
| 8:22 | Wisp |
| 8:23 | Wisp |
| 8:23 | Wisp |
| 8:23 | Wisp |
| 8:25 | Moonstone |
| 8:26 | Potion of Healing |
| 8:26 | Orb of Venom |
| 8:28 | Staff of Preservation |
| 9:44 | Druid of the Talon Adept Training |
| 9:47 | Druid of the Talon |
| 9:48 | Wisp |
| 9:48 | Wisp |
| 9:48 | Wisp |
| 10:35 | Orb of Venom |
| 10:36 | Potion of Healing |
| 10:38 | Druid of the Talon |
| 10:46 | Druid of the Talon Master Training |
| 11:16 | Druid of the Talon |
| 11:34 | Druid of the Talon |
| 11:36 | Mana Burn |
| 11:39 | Potion of Healing |
| 12:04 | Druid of the Talon |
| 12:05 | Druid of the Talon |
| 12:32 | Druid of the Talon |
| Right click | 787 |
| Chat | 617 |
| Select group | 449 |
| Select | 221 |
| Build/train/purchase | 58 |
| Use ability | 27 |
| Assign group | 20 |
| Misc. action | 18 |
| Minimap ping | 4 |
| Remove unit | 1 |


| Potion of Healing | 1 | 150 |
| Moonstone | 1 | 50 |
| Lesser Clarity Potion | 1 | 70 |
| Potion of Mana | 1 | 200 |
| Orb of Venom | 1 | 325 |
| Dust of Appearance | 1 | 75 |
| Scroll of Town Portal | 1 | 350 |
| Boots of Speed | 1 | 250 |
| total: | 8 | 1470g |
| Wisp | 27 | 1620 | / | 0 |
| Archer | 10 | 1300 | / | 100 |
| Dryad | 5 | 725 | / | 300 |
| Druid of the Claw | 3 | 765 | / | 240 |
| Mountain Giant | 1 | 350 | / | 100 |
| total: | 46 | 4760g | / | 740w |
| Moon Well | 6 | 1080 | / | 240 |
| Ancient of War | 2 | 300 | / | 120 |
| Altar of Elders | 1 | 180 | / | 50 |
| Tree of Life | 2 | 680 | / | 370 |
| Hunter's Hall | 1 | 210 | / | 100 |
| Ancient of Wonders | 1 | 90 | / | 30 |
| Ancient of Lore | 2 | 310 | / | 290 |
| Tree of Ages | 1 | 320 | / | 180 |
| Tree of Eternity | 1 | 330 | / | 200 |
| total: | 15 | 2850g | / | 1200w |
| 0:01 | Wisp |
| 0:01 | Wisp |
| 0:02 | Wisp |
| 0:06 | Wisp |
| 0:08 | Moon Well |
| 0:21 | Wisp |
| 0:23 | Ancient of War |
| 1:20 | Wisp |
| 1:20 | Wisp |
| 1:20 | Wisp |
| 1:20 | Wisp |
| 1:28 | Altar of Elders |
| 1:32 | Wisp |
| 2:00 | Wisp |
| 2:07 | Moon Well |
| 2:10 | Archer |
| 2:10 | Archer |
| 2:21 | Wisp |
| 2:28 | Archer |
| 2:28 | Archer |
| 2:28 | Archer |
| 2:37 | Wisp |
| 2:47 | Archer |
| 2:53 | Wisp |
| 2:53 | Wisp |
| 2:53 | Wisp |
| 3:09 | Ancient of War |
| 3:18 | Frost Arrows |
| 3:30 | Wisp |
| 3:30 | Wisp |
| 3:59 | Tree of Ages |
| 4:10 | Archer |
| 4:22 | Forked Lightning |
| 4:34 | Archer |
| 5:17 | Archer |
| 5:23 | Tree of Life |
| 5:36 | Moon Well |
| 5:44 | Dust of Appearance |
| 5:53 | Hunter's Hall |
| 5:55 | Ancient of Wonders |
| 6:02 | Frost Arrows |
| 6:10 | Archer |
| 6:56 | Ancient of Lore |
| 6:56 | Ancient of Lore |
| 7:00 | Tree of Life |
| 7:20 | Wisp |
| 7:20 | Wisp |
| 7:57 | Boots of Speed |
| 8:09 | Dryad |
| 8:25 | Dryad |
| 9:02 | Dryad |
| 9:09 | Tree of Eternity |
| 9:10 | Entangling Roots |
| 9:22 | Wisp |
| 9:22 | Wisp |
| 9:22 | Wisp |
| 9:22 | Wisp |
| 9:47 | Dryad |
| 10:07 | Dryad |
| 10:25 | Wisp |
| 10:25 | Wisp |
| 10:43 | Wisp |
| 11:21 | Potion of Healing |
| 11:25 | Moonstone |
| 11:25 | Lesser Clarity Potion |
| 11:27 | Potion of Mana |
| 11:40 | Druid of the Claw |
| 11:40 | Druid of the Claw Adept Training |
| 11:42 | Moon Well |
| 12:13 | Druid of the Claw Master Training |
| 12:17 | Scroll of Town Portal |
| 12:35 | Druid of the Claw |
| 12:51 | Mark of the Claw |
| 12:56 | Druid of the Claw |
| 13:29 | Moon Well |
| 13:31 | Moon Well |
| 13:44 | Hardened Skin |
| 13:44 | Resistant Skin |
| 14:27 | Mountain Giant |
| 14:37 | Orb of Venom |
| Select group | 694 |
| Chat | 665 |
| Right click | 638 |
| Select | 343 |
| Assign group | 226 |
| Build/train/purchase | 110 |
| Use ability | 45 |
| Misc. action | 11 |
| Item give/drop | 7 |
| Esc | 4 |
| Minimap ping | 1 |
51 units @ 6.8k
/ 0.7k
26 buildings @ 4.3k
/ 1.3k

| Healing Salve | 2 | 200 |
| Scroll of Speed | 3 | 150 |
| Lesser Clarity Potion | 3 | 210 |
| Scroll of Town Portal | 1 | 350 |
| Scroll of Healing | 1 | 250 |
| Scroll of Protection | 1 | 150 |
| total: | 11 | 1310g |
| Peon | 9 | 675 | / | 0 |
| Troll Headhunter | 21 | 2940 | / | 420 |
| Troll Berserker | 2 | 280 | / | 40 |
| total: | 32 | 3895g | / | 460w |
| Altar of Storms | 1 | 180 | / | 50 |
| Orc Burrow | 4 | 640 | / | 160 |
| War Mill | 1 | 205 | / | 0 |
| Barracks | 3 | 540 | / | 150 |
| Voodoo Lounge | 1 | 130 | / | 30 |
| Stronghold | 1 | 315 | / | 190 |
| Fortress | 1 | 325 | / | 190 |
| total: | 10 | 1695g | / | 390w |
| 0:03 | Peon |
| 0:03 | Peon |
| 0:08 | Altar of Storms |
| 0:19 | Orc Burrow |
| 0:28 | Peon |
| 1:25 | Peon |
| 1:27 | War Mill |
| 1:34 | Barracks |
| 1:40 | Peon |
| 1:56 | Peon |
| 2:11 | Peon |
| 2:28 | Barracks |
| 2:31 | Barracks |
| 2:38 | Peon |
| 2:44 | Orc Burrow |
| 2:54 | Troll Headhunter |
| 2:58 | Endurance Aura |
| 3:28 | Peon |
| 3:34 | Voodoo Lounge |
| 3:37 | Troll Headhunter |
| 3:47 | Troll Headhunter |
| 4:06 | Troll Headhunter |
| 4:12 | Troll Headhunter |
| 4:40 | Orc Burrow |
| 4:43 | War Stomp |
| 4:47 | Healing Salve |
| 4:48 | Scroll of Speed |
| 4:58 | Troll Headhunter |
| 5:37 | Stronghold |
| 5:38 | Troll Headhunter |
| 5:57 | Troll Headhunter |
| 6:06 | Steel Ranged Weapons |
| 6:47 | Troll Headhunter |
| 6:52 | War Stomp |
| 7:01 | Troll Headhunter |
| 7:09 | Troll Headhunter |
| 7:23 | Steel Armor |
| 7:34 | Troll Headhunter |
| 8:01 | Troll Headhunter |
| 8:13 | Lesser Clarity Potion |
| 8:17 | Healing Salve |
| 8:21 | Scroll of Speed |
| 8:32 | Fortress |
| 8:55 | Troll Headhunter |
| 9:05 | Lesser Clarity Potion |
| 9:25 | Lesser Clarity Potion |
| 9:25 | Scroll of Speed |
| 9:40 | Troll Headhunter |
| 9:49 | Troll Headhunter |
| 10:04 | Troll Regeneration |
| 10:14 | Thorium Ranged Weapons |
| 10:24 | Orc Burrow |
| 10:41 | Troll Headhunter |
| 11:03 | Troll Headhunter |
| 11:15 | Troll Headhunter |
| 11:27 | Berserker Upgrade |
| 11:31 | Troll Headhunter |
| 11:47 | Troll Headhunter |
| 12:02 | Arcanite Ranged Weapons |
| 12:16 | Troll Berserker |
| 12:44 | Scroll of Protection |
| 13:26 | Scroll of Town Portal |
| 13:32 | Scroll of Healing |
| 13:54 | Endurance Aura |
| 14:20 | Troll Berserker |
| 14:46 | Thorium Armor |
| Right click | 949 |
| Select group | 901 |
| Select | 287 |
| Misc. action | 140 |
| Build/train/purchase | 90 |
| Assign group | 81 |
| Chat | 25 |
| Minimap ping | 11 |
| Use ability | 8 |
| Esc | 3 |
| Item give/drop | 1 |


| Healing Salve | 2 | 200 |
| Scroll of Speed | 2 | 100 |
| Lesser Clarity Potion | 1 | 70 |
| Potion of Healing | 1 | 150 |
| Dust of Appearance | 1 | 75 |
| Scroll of Healing | 1 | 250 |
| Circlet of Nobility | 1 | 175 |
| Boots of Speed | 1 | 250 |
| Potion of Lesser Invulnerability | 1 | 150 |
| total: | 11 | 1420g |
| Peon | 7 | 525 | / | 0 |
| Grunt | 7 | 1400 | / | 0 |
| Raider | 3 | 540 | / | 120 |
| Spirit Walker | 2 | 390 | / | 70 |
| total: | 19 | 2855g | / | 190w |
| Altar of Storms | 2 | 360 | / | 100 |
| Orc Burrow | 8 | 1280 | / | 320 |
| Voodoo Lounge | 1 | 130 | / | 30 |
| Barracks | 1 | 180 | / | 50 |
| War Mill | 1 | 205 | / | 0 |
| Beastiary | 1 | 145 | / | 140 |
| Tauren Totem | 2 | 270 | / | 310 |
| Stronghold | 1 | 315 | / | 190 |
| total: | 16 | 2570g | / | 950w |
| 0:02 | Altar of Storms |
| 0:03 | Peon |
| 0:03 | Peon |
| 0:05 | Altar of Storms |
| 0:18 | Orc Burrow |
| 0:28 | Peon |
| 1:31 | Peon |
| 1:38 | Voodoo Lounge |
| 1:47 | Peon |
| 2:02 | Peon |
| 2:11 | Peon |
| 2:25 | Barracks |
| 2:45 | Orc Burrow |
| 2:52 | Healing Salve |
| 2:52 | Scroll of Speed |
| 2:52 | Lesser Clarity Potion |
| 2:54 | Wind Walk |
| 3:06 | Circlet of Nobility |
| 3:28 | Grunt |
| 3:52 | Stronghold |
| 4:15 | Grunt |
| 4:36 | Boots of Speed |
| 4:45 | Dust of Appearance |
| 5:33 | Orc Burrow |
| 5:47 | Grunt |
| 6:26 | Critical Strike |
| 6:33 | Scroll of Speed |
| 6:43 | Potion of Healing |
| 6:59 | Beastiary |
| 7:01 | Grunt |
| 7:15 | Hex |
| 7:18 | Berserker Strength |
| 7:29 | Healing Salve |
| 8:03 | Ensnare |
| 8:18 | Grunt |
| 8:30 | Tauren Totem |
| 8:32 | Tauren Totem |
| 8:39 | Raider |
| 8:53 | Grunt |
| 9:29 | Raider |
| 9:30 | Orc Burrow |
| 9:45 | Wind Walk |
| 9:47 | Healing Wave |
| 10:04 | Spirit Walker |
| 10:29 | Grunt |
| 10:40 | Spirit Walker |
| 10:46 | Pillage |
| 11:18 | Raider |
| 11:19 | Spirit Walker Adept Training |
| 11:48 | War Mill |
| 12:12 | Orc Burrow |
| 12:39 | Scroll of Healing |
| 12:39 | Potion of Lesser Invulnerability |
| 13:46 | Healing Wave |
| 14:34 | Orc Burrow |
| 14:35 | Orc Burrow |
| 14:37 | Orc Burrow |
| 14:46 | Steel Armor |
| Select group | 1521 |
| Right click | 904 |
| Select | 264 |
| Assign group | 123 |
| Build/train/purchase | 106 |
| Use ability | 44 |
| Misc. action | 27 |
| Resource trade | 4 |
| Item give/drop | 2 |
| Minimap ping | 2 |
| Esc | 1 |